Workbook

Sheet Акт17
A1: АКТ № 55/1-2017
A2: приемки оказанных услуг и (или) выполненных работ по содержанию и текущему ремонту общего имущества в многоквартирном доме № 1 квартала 55.
A3: г. Ангарск | D3: "31" марта 2018 г.
A5: Наименование вида работы (услуги) | B5: Периодичность/ количественный показатель выполненной работы (оказанной услуги) | C5: Единица измерения работы (услуги) | D5: Стоимость /сметная стоимость выполненной работы (оказанной услуги) за единицу | E5: Цена выполненной работы (оказанной услуги), в рублях
A6: Аварийное обслуживание
A7: Аварийное обслуживание | B7: Ежедневно | C7: руб. | D7: =E7 -> 2203.34 | E7: 2203.34
A8: Благоустройство
A9: Выкашивание газонов | B9: 160 | C9: м2 | D9: =E9/B9 -> 3.95 | E9: 632
A10: Формовочная обрезка деревьев высотой: более 5 м | B10: 1 | C10: 1 дерево | D10: =E10/B10 -> 2130.02 | E10: 2130.02
A11: Вывоз и утилизация ТКО, в т.ч. крупногабаритного мусора
A12: Услуги по вывозу и утилизации ТБО, в т.ч. крупногабаритного мусора | B12: Ежедневно | C12: руб. | D12: =E12 -> 33897.6 | E12: 33897.6
A13: Изготовление плана благоустройства
A14: Изготовление плана благоустройства | B14: По факту | C14: руб. | D14: =E14 -> 4055.4 | E14: 4055.4
A15: Обслуживание и текущий ремонт электрооборудования жилых домов
A16: Обслуживание и текущий ремонт электрооборудования жилых домов | B16: По плану | C16: руб. | D16: =E16 -> 4494.54 | E16: 4494.54
A17: Обслуживание инженерного оборудования
A18: Запуск системы отопления. | B18: 1 | C18: 1 здание | D18: =E18/B18 -> 796.94 | E18: 796.94
A19: Опрессовка ТУ диаметром: до 50 мм | B19: 0.07 | C19: 100 м | D19: =E19/B19 -> 3731 | E19: 261.17
A20: Осмотр подвальных помещений (засоры, подпоры) прим. | B20: 0.27 | C20: 1000 м2 | D20: =E20/B20 -> 1613.1111 | E20: 435.54
A21: Осмотр системы центрального отопления, устройств в чердачных и подвальных помещениях. | B21: 1.12 | C21: 1000 м2 | D21: =E21/B21 -> 1575.2232 | E21: 1764.25
A22: Осмотр СТО | B22: 0.03 | C22: 100 квартир | D22: =E22/B22 -> 23695 | E22: 710.85
A23: Осмотр СТО в чердачных и подвальных помещениях (весенний и осенний) | B23: 0.9 | C23: 1000 м2 | D23: =E23/B23 -> 1559.1111 | E23: 1403.2
A24: Осмотр, РХВ замеры | B24: 0.02 | C24: 100 шт. | D24: =E24/B24 -> 22494.5 | E24: 449.89
A25: Отключение системы отопления (консервация) - прим. | B25: 1 | C25: 1 здание | D25: =E25/B25 -> 384.58 | E25: 384.58
A26: Очистка канализационной сети: внутренней | B26: 0.02 | C26: 100 м | D26: =E26/B26 -> 13617.5 | E26: 272.35
A27: Перевод отопления с подачи на обратку или с обратки на подачу | B27: 5 | C27: узел | D27: =E27/B27 -> 167.776 | E27: 838.88
A28: Подготовка элеваторного узла Д-50 к зиме | B28: 1 | C28: шт | D28: =E28/B28 -> 2918.24 | E28: 2918.24
A29: Промывка трубопровода системы отопления | B29: 6577 | C29: м3 | D29: =E29/B29 -> 1.1837981 | E29: 7785.84
... A32: Снятие и запись замера в наряде (ИТП,РХВ) | B32: 28 | C32: 1 ИТП | D32: =E32/B32 -> 228.12357 | E32: 6387.46
A33: Обслуживание конструктивных элементов
A34: Осмотр кровли, чердака, подъездов, подвального помещения - весенний осмотр | B34: 0.863 | C34: 1000 м2 | D34: =E34/B34 -> 1557.0684 | E34: 1343.75
A35: Осмотр СТО в чердачных и подвальных помещениях (весенний и осенний) | B35: 0.987 | C35: 1000 м2 | D35: =E35/B35 -> 1613.4144 | E35: 1592.44
A36: Очистка кровли от снега толщ. 10 см, сбивание сосулей (в) | B36: 35 | C36: 1 м 2 основания | D36: =E36/B36 -> 68.792 | E36: 2407.72
A37: Проверка исправности канализационных вытяжек (по жалобе) | B37: 0.2 | C37: 1000 м3 здания, 100 приб. | D37: =E37/B37 -> 1635.2 | E37: 327.04
A38: Проверка наличия тяги в ДВ и вент. каналах | B38: 0.05 | C38: 1000 м2 | D38: =E38/B38 -> 1636.8 | E38: 81.84
A39: Расходы на истребование задолженности по оплате жилых помещений
A40: Истребование дебиторской задолженности | B40: По факту | C40: руб. | D40: =E40 -> 454.16 | E40: 454.16
A41: Текущий ремонт инженерного оборудования
A42: Очистка фильтра от накипи (отложений) | B42: 2 | C42: шт | D42: =E42/B42 -> 936.9 | E42: 1873.8
A43: Прочистка вентиляционных каналов. | B43: 0.01 | C43: 100 м | D43: =E43/B43 -> 9832 | E43: 98.32
A44: Ручная газовая резка трубы до 25 мм | B44: 3.1 | C44: 10 шт. | D44: =E44/B44 -> 1102.7677 | E44: 3418.58
A45: Текущий ремонт конструктивных элементов жилых зданий
A46: Демонтаж-монтаж жалюзийных решеток | B46: 0.05 | C46: 100 шт. | D46: =E46/B46 -> 15636.2 | E46: 781.81
A47: Заделка подвальных окон: (изовером, пенопропиленом и тд) | B47: 0.081 | C47: 10 м2 | D47: =E47/B47 -> 3093.8272 | E47: 250.6
A48: Постановка заклепок в местах соединения труб | B48: 0.08 | C48: 100 шт. | D48: =E48/B48 -> 4778 | E48: 382.24
A49: Смена ухватов для водосточных труб: в каменных стенах | B49: 0.01 | C49: 100 шт. | D49: =E49/B49 -> 30082 | E49: 300.82
A50: Улучшенная окраска масляными составами по дереву: доски объявлений | B50: 0.008 | C50: 100 м2 | D50: =E50/B50 -> 25421.25 | E50: 203.37
A51: Установка досок объявлений с изготовлением | B51: 0.02 | C51: 100 шт. | D51: =E51/B51 -> 40329.5 | E51: 806.59
A52: Установка частей водосточных труб (отметов) | B52: 0.01 | C52: 100 шт. | D52: =E52/B52 -> 52554 | E52: 525.54
A53: Установка частей водосточных труб с земли, лестниц и подмостей | B53: 0.011 | C53: 100 м | D53: =E53/B53 -> 42861.818 | E53: 471.48
A54: Транспортные расходы
A55: Услуги а/вышки | B55: По факту | C55: руб. | D55: =E55 -> 579.71 | E55: 579.71
A56: Услуги автотранспорта | B56: По факту | C56: руб. | D56: =E56 -> 2533.33 | E56: 2533.33
A57: Уборка лестничных клеток
A58: Мытье пола л/клеток | B58: 124,1×15 | C58: м2 | D58: 6.05 | E58: 11262.08
A59: Подметание лестничных клеток | B59: 124,1×32 | C59: м2 | D59: 3.07 | E59: 12191.59
A60: Уборка придомовой территории
A61: Уборка придомовой территории | B61: Еженедельно | C61: м2 | D61: =E61 -> 52202.3 | E61: 52202.3
A62: Услуги по управлению МКД
A63: Услуги по управлению МКД | B63: Ежедневно | C63: руб. | D63: =E63 -> 25028.96 | E63: 25028.96
A64: Итого: | E64: =SUM(E6:E63) -> 191766.98
A66: Всего за период с "01" января 2017 г. по "31"декабря 2017 г. выполнено работ (оказано услуг)
A67: на общую сумму 188 816,00 (Сто восемдесят восемь тысяч восемьсот шестнадцать) рублей 00 коп.
A68: Работы (услуги) выполнены (оказаны) полностью, в установленные сроки, с надлежащим качеством.
A69: Претензий по выполнению условий Договора Стороны друг к другу не имеют.
A70: Настоящий Акт составлен в 2-х экземплярах, имеющих одинаковую юридическую силу,
A71: по одному для каждой из Сторон.
A73: Подписи Сторон:
A75: Исполнитель - Директор ООО "ЖЭУ № 6" Плотников А.А. | C75: __________________________
A76: (должность, ФИО) | C76: (подпись)
A78: Заказчик - ____________________________________________________ | C78: __________________________
A79: (ФИО) | C79: (подпись)

Sheet Бюджет
A1: Отчет по бюджету №55/1-2017
A3: Период: с 01.01.2017 по 31.12.2017 года.
A5: Строение / По типу работ | B5: Расходы | C5: Начисления | D5: Поступления
A6: Долг за выполненные работы на 01.01.2017 г. | B6: 66411.69
A7: Cодержание жилья | C7: 200306.52 | D7: 194396.44
A8: Вывоз и утилизация ТКО | C8: 34036.8 | D8: 34993.75
A9: Техническое обслуживание нежилых помещений | C9: 15946.28 | D9: 11483.87
A10: Аварийное обслуживание | B10: =Акт17!E7 -> 2203.34
A11: Благоустройство | B11: =SUM(Акт17!E9:E10) -> 2762.02
A12: Вывоз и утилизация ТКО, в т.ч. крупногабаритного мусора | B12: =Акт17!E12 -> 33897.6
A13: Изготовление плана благоустройства | B13: =Акт17!E14 -> 4055.4
A14: Обслуживание и текущий ремонт электрооборудования жилых домов | B14: =Акт17!E16 -> 4494.54
A15: Обслуживание инженерного оборудования | B15: =SUM(Акт17!E18:E32) -> 25236.01
A16: Обслуживание конструктивных элементов | B16: =SUM(Акт17!E34:E38) -> 5752.79
A17: Расходы на истребование задолженности по оплате жилых помещений | B17: =Акт17!E40 -> 454.16
A18: Текущий ремонт инженерного оборудования | B18: =SUM(Акт17!E42:E44) -> 5390.7
A19: Текущий ремонт конструктивных элементов жилых зданий | B19: =SUM(Акт17!E46:E53) -> 3722.45
A20: Транспортные расходы | B20: =SUM(Акт17!E55:E56) -> 3113.04
A21: Уборка лестничных клеток | B21: 23453.67
A22: Уборка придомовой территории | B22: =Акт17!E61 -> 52202.3
A23: Услуги по управлению МКД | B23: 25028.96
A24: Итого: | B24: =SUM(B7:B23) -> 191766.98 | C24: =SUM(C7:C23) -> 250289.6 | D24: =SUM(D7:D23) -> 240874.06
A25: Долг за выполненные работы (доходы за минусом расходов) на 01.01.2018 г. - 14 353,65 руб. | E25: =D24-B6-B24 -> -17304.61
A26: Задолженность по оплате за содержание и текущий ремонт на 01.01.2018 г. - 48 254,27 руб.
A28: Директор ООО "ЖЭУ №6" Плотников А.А. __________________
A29: Отчет составил: экономист Сундукова Ю.А. _______________
A30: Отчет получил: ________________________________________________________
A31: Дата __________________

Sheet 2018
A1: Отчет по бюджету № 55/1-2018
A3: Период: с 01.01.2018 по 31.12.2018 года.
A5: ОБЩИЕ СВЕДЕНИЯ ОБ ОБЪЕКТЕ
A6: Этажность | B6: 4 | C6: Общая жилая площадь, м2 | D6: 1328 | E6: Площадь кровли, м2 | F6: 748.9
A7: Количество подъездов | B7: 2 | C7: Площадь нежилых помещений, м2 | D7: 84.4 | E7: Площадь чердаков, м2 | F7: 483.2
A8: Количество квартир | B8: 18 | C8: Площадь л/ клеток, тамбуров, лифтов, м/камер, м2 | D8: 124.1 | E8: Площадь подвалов, м2 | F8: 380.6
A11: Наименование | F11: Значение
A12: Переходящие остатки денежных средств за выполненные работы (на начало периода; + резерв, - долг) | F12: -14353.65
A13: Задолженность по оплате за содержание и текущий ремонт общего имущества МКД (на начало периода) | F13: =17832.77+27689.96 -> 45522.73
A14: Начислено за работы (услуги) по содержанию и текущему ремонту и аренду общего имущества МКД, в том числе: | F14: =SUM(F15:F17) -> 229856.49
A15: - за жилые помещения | F15: =210887.06+597.07 -> 211484.13
A16: - за нежилые помещения | F16: 18372.36
A17: - за рекламу и аренду общего имущества МКД
A18: Получено денежных средств, в т. ч: | F18: =SUM(F19:F21) -> 229833.36
A19: - за жилые помещения | F19: 226649.72
A20: - за нежилые помещения | F20: 3183.64
A21: - за рекламу и аренду общего имущества МКД
A22: Всего денежных средств с учетом остатков | F22: =F12+F18 -> 215479.71
A23: Выполненные работы (оказанные услуги) по содержанию общего имущества и текущему ремонту в отчетном периоде | F23: =Акт18!E91 -> 223047.53
A24: Переходящие остатки денежных средств за выполненные работы (на конец периода; + резерв, - долг) | F24: =F22-F23 -> -7567.818
A25: Задолженность по оплате за содержание и текущий ремонт общего имущества МКД (на конец периода) | F25: =F13+F14-F18 -> 45545.86
A27: Директор ООО "ТРЭК" Плотников А.А. __________________
A28: Отчет составил: экономист Осипова М.С. _______________
A29: Отчет получил: ________________________________________________________
A30: Дата __________________

Sheet Акт18
A1: АКТ № 55/1-2018
A2: приемки оказанных услуг и (или) выполненных работ по содержанию и текущему ремонту общего имущества в многоквартирном доме № 1 квартала 55.
A3: г. Ангарск | D3: "31" марта 2019 г.
A5: Наименование вида работы (услуги) | B5: Периодичность/ количественный показатель выполненной работы (оказанной услуги) | C5: Единица измерения работы (услуги) | D5: Стоимость /сметная стоимость выполненной работы (оказанной услуги) за единицу | E5: Цена выполненной работы (оказанной услуги), в рублях
A6: Аварийное обслуживание
A7: Аварийное обслуживание | B7: Ежедневно | C7: руб. | D7: =E7 -> 2203.34 | E7: 2203.34
A8: Благоустройство
A9: Валка деревьев без корчевки пня м-лиственных, тв-лиственных пород (кроме тополя) д.ствола до 16 см | B9: 1 | C9: 1 дерево | D9: =E9/B9 -> 2485.12 | E9: 2485.12
A10: Валка деревьев без корчевки пня м-лиственных, тв-лиственных пород (кроме тополя) д.ствола до 24 см | B10: 1 | C10: 1 дерево | D10: =E10/B10 -> 3009.1 | E10: 3009.1
A11: Валка деревьев с прим. автогидроподъемника без корчевки пня м-лиственных, тв-лиственных при д. до 36 | B11: 1.54 | C11: 1 м3 | D11: =E11/B11 -> 3633.974 | E11: 5596.32
A12: Вывозка порубочных остатков на расстояние 22 км (класс груза 3) | B12: 1.4 | C12: т | D12: =E12/B12 -> 804.64286 | E12: 1126.5
A13: Окраска баскетбольной стойки | B13: 0.333 | C13: шт | D13: =E13/B13 -> 602.94294 | E13: 200.78
A14: Окраска бельевого столба на 1 раз | B14: 0.035 | C14: 100 м2 | D14: =E14/B14 -> 24839.714 | E14: 869.39
A15: Окраска горки металлической | B15: 0.01 | C15: 100 м2 | D15: =E15/B15 -> 25013 | E15: 250.13
A16: Окраска известковыми составами: по кирпичу и бетону (бордюр. столбики, столбы) | B16: 0.58 | C16: 100 м2 | D16: =E16/B16 -> 4718.4828 | E16: 2736.72
A17: Окраска качели-карусель на 1 раз | B17: 0.017 | C17: 100 м2 | D17: =E17/B17 -> 24953.529 | E17: 424.21
A18: Окраска качели-маятник | B18: 0.333 | C18: шт | D18: =E18/B18 -> 532.25225 | E18: 177.24
A19: Окраска скамейки без спинки | B19: 0.333 | C19: шт | D19: =E19/B19 -> 273.63363 | E19: 91.12
A20: Окраска урны | B20: 0.011 | C20: 100 м2 | D20: =E20/B20 -> 24812.727 | E20: 272.94
... A25: Утилизация ТБО | B25: 1.4 | C25: т | D25: =E25/B25 -> 1394.8643 | E25: 1952.81
A26: Вывоз и утилизация ТКО, в т.ч. крупногабаритного мусора
A27: Вывоз и утилизация ТКО, в т.ч. крупногабаритный мусор | B27: Ежедневно | C27: руб. | D27: =E27 -> 33897.6 | E27: 33897.6
A28: Обслуживание и текущий ремонт электрооборудования жилых домов
A29: Обслуживание и текущий ремонт электрооборудования жилых домов | B29: По плану | C29: руб. | D29: =E29 -> 5067.38 | E29: =1595.13+3472.25 -> 5067.38
A30: Устройство прожектрора с фотореле | B30: 2 | C30: шт | D30: =E30/B30 -> 5714.495 | E30: 11428.99
A31: Обслуживание инженерного оборудования
A32: Запуск потока воды: отопление, ГВС | B32: 1 | C32: 1 узел | D32: =E32/B32 -> 83.75 | E32: 83.75
A33: Запуск системы отопления. | B33: 1 | C33: 1 здание | D33: =E33/B33 -> 839.52 | E33: 839.52
A34: Опрессовка ТУ диаметром: до 50 мм | B34: 0.07 | C34: 100 м | D34: =E34/B34 -> 6095.4286 | E34: 426.68
A35: Осмотр выпусков канализации (засоры, подпоры) прим. | B35: 1 | C35: 1 здание | D35: =E35/B35 -> 254.67 | E35: 254.67
A36: Осмотр СТО в чердачных и подвальных помещениях (весенний и осенний) | B36: 2.83 | C36: 1000 м2 | D36: =E36/B36 -> 1678.6714 | E36: 4750.64
A37: Отключение системы отопления (консервация) | B37: 1 | C37: 1 здание | D37: =E37/B37 -> 503.4 | E37: 503.4
A38: Перевод отопления с подачи на обратку или с обратки на подачу | B38: 3 | C38: узел | D38: =E38/B38 -> 217.53667 | E38: 652.61
A39: Перекрытие потока воды: отопление, ГВС | B39: 1 | C39: 1 узел | D39: =E39/B39 -> 67.25 | E39: 67.25
A40: Подготовка элеваторного узла Д-50 к зиме | B40: 1 | C40: шт | D40: =E40/B40 -> 3686.27 | E40: 3686.27
A41: Промывка трубопровода системы отопления | B41: 6577 | C41: м3 | D41: =E41/B41 -> 1.3064847 | E41: 8592.75
A42: Сдача ИТП представителю энергоснабжающей организации | B42: 1 | C42: 1 ИТП | D42: =E42/B42 -> 1194.72 | E42: 1194.72
A43: Снятие и запись замера в наряде (ИТП,РХВ) | B43: 27 | C43: 1 ИТП | D43: =E43/B43 -> 253.40852 | E43: 6842.03
A44: Устранение засоров санитарных приборов | B44: 1 | C44: 1 прибор | D44: =E44/B44 -> 282.55 | E44: 282.55
A45: Обслуживание конструктивных элементов
A46: Закрытие подвальных окон и люков (прим) | B46: 0.2 | C46: 10 шт. | D46: =E46/B46 -> 1860.85 | E46: 372.17
A47: Закрытие слуховых окон и люков выхода на кровлю | B47: 0.1 | C47: 10 шт. | D47: =E47/B47 -> 1926.1 | E47: 192.61
A48: М. Ремонт слухового окна (пристрожка, укрепление) | B48: 1 | C48: 1 створка | D48: =E48/B48 -> 317.1 | E48: 317.1
A49: Осмотр кровли, чердака, подъездов, подвального помещения -подготовка к зиме | B49: 2.101 | C49: 1000 м2 | D49: =E49/B49 -> 1573.7411 | E49: 3306.43
A50: Очистка кровли от снега и сосуль с автовышки | B50: 31 | C50: 1 м 2 основания | D50: =E50/B50 -> 106.64839 | E50: 3306.1
A51: Очистка кровли от снега толщ. 10см, сбивание сосулей | B51: 30 | C51: 1 м 1 основания | D51: =E51/B51 -> 43.672333 | E51: 1310.17
A52: Очистка кровли от снега, сбивание сосулей | B52: 3 | C52: 1 м 2 основания | D52: =E52/B52 -> 61.096667 | E52: 183.29
A53: Очистка канализационного стояка от наледи | B53: 3 | C53: 1 стояк | D53: =E53/B53 -> 196.00667 | E53: 588.02
A54: Перенавеска водосточных труб (вышка) | B54: 0.011 | C54: 100 м | D54: =E54/B54 -> 107760 | E54: 1185.36
A55: Плановые проверки вентиляционных каналов и оголовков | C55: м2 | D55: =E55 -> 2288.49 | E55: 2288.49
A56: Проверка исправности канализационных вытяжек (по жалобе) | B56: 0.2 | C56: 1000 м2 | D56: =E56/B56 -> 1769.45 | E56: 353.89
A57: Проверка наличия тяги в ДВ и вент. каналах | B57: 0.05 | C57: 1000 м2 | D57: =E57/B57 -> 1771 | E57: 88.55
A58: Смена дверных приборов: навесного замка | B58: 0.01 | C58: 100 приборов | D58: =E58/B58 -> 33285 | E58: 332.85
A59: Смена дверных приборов: петли | B59: 0.01 | C59: 100 приборов | D59: =E59/B59 -> 47810 | E59: 478.1
A60: Смена стекол в деревянных переплетах при площади стекла до: 0,25 м | B60: 0.001 | C60: 100 м2 | D60: =E60/B60 -> 145960 | E60: 145.96
A61: Смена стекол в деревянных переплетах при площади стекла до: 0,5 м | B61: 0.01 | C61: 100 м2 | D61: =E61/B61 -> 136194 | E61: 1361.94
A62: Смена ухватов для водосточных труб: в каменных стенах | B62: 0.03 | C62: 100 шт. | D62: =E62/B62 -> 28382 | E62: 851.46
A63: Укладка (установка) щитов | B63: 0.021 | C63: 100 м2 | D63: =E63/B63 -> 13690.952 | E63: 287.51
A64: Укрепление дверных приборов: петли (шарниры), шпингалеты, ручки накладные | B64: 0.05 | C64: 100 шт. | D64: =E64/B64 -> 42777 | E64: 2138.85
A65: Расходы на истребование задолженности по оплате жилых помещений
A66: Истребование дебиторской задолженности | B66: По факту | C66: руб. | D66: =E66 -> 649.68 | E66: 649.68
A67: Текущий ремонт инженерного оборудования
A68: Установка манометров | B68: 1 | C68: шт | D68: =E68/B68 -> 725.61 | E68: 725.61
A69: Текущий ремонт конструктивных элементов жилых зданий
A70: Демонтаж-монтаж воронки с вышки | B70: 0.01 | C70: 100 шт. | D70: =E70/B70 -> 152237 | E70: 1522.37
A71: Демонтаж-монтаж частей фановых труб | B71: 0.033 | C71: 100 м | D71: =E71/B71 -> 15529.394 | E71: 512.47
A72: Заделка подвальных окон: (изовером, пенопропиленом и тд) | B72: 0.032 | C72: 10 м2 | D72: =E72/B72 -> 3103.4375 | E72: 99.31
A73: Заделка ПЩ: ДВП | B73: 0.014 | C73: 10 м2 | D73: =E73/B73 -> 3585.7143 | E73: 50.2
A74: Изготовление щита из доски | B74: 0.021 | C74: 100 м2 | D74: =E74/B74 -> 55204.286 | E74: 1159.29
A75: Постановка заклепок в местах соединения труб | B75: 0.34 | C75: 100 шт. | D75: =E75/B75 -> 4303.3824 | E75: 1463.15
A76: Смена отдельных участков металлического ограждения газонов. | B76: 3 | C76: м | D76: =E76/B76 -> 303.13333 | E76: 909.4
A77: Смена частей водосточных труб: отливов (отметов) | B77: 0.04 | C77: 100 шт. | D77: =E77/B77 -> 45482.75 | E77: 1819.31
A78: Смена частей водосточных труб: прямых звеньев с земли, лестниц или подмостей | B78: 0.011 | C78: 100 м | D78: =E78/B78 -> 48711.818 | E78: 535.83
A79: Смена: колен водосточных труб | B79: 0.01 | C79: 100 шт. | D79: =E79/B79 -> 58891 | E79: 588.91
A80: Установка частей водосточных труб с земли, лестниц и подмостей | B80: 0.011 | C80: 100 м | D80: =E80/B80 -> 42413.636 | E80: 466.55
A81: Устройство аншлага с изготовлением | B81: 0.01 | C81: 100 шт. | D81: =E81/B81 -> 87871 | E81: 878.71
A82: Транспортные расходы
A83: Услуги автотранспорта | B83: По факту | C83: руб. | D83: =E83 -> 4240 | E83: 4240
A84: Уборка лестничных клеток
A85: Уборка л/клеток | B85: По тарифу | C85: м2 | D85: =E85 -> 10338.77 | E85: 10338.77
A86: Уборка придомовой территории
A87: Уборка придомовой территории | B87: По тарифу | C87: м2 | D87: =E87 -> 49580.75 | E87: 49580.75
A88: Услуги по вывозу и утилизации листвы, веток, деревьев, скошенной травы , смета и др. | B88: По факту | C88: руб. | D88: =E88 -> 4182.33 | E88: 4182.33
A89: Услуги по управлению МКД
A90: Услуги по управлению МКД | B90: Ежедневно | C90: руб. | D90: =E90 -> 20277.048 | E90: =SUM(E7:E88)*10% -> 20277.048
A91: Итого: | E91: =SUM(E6:E90) -> 223047.53
A93: Всего за период с "01" января 2018 г. по "31"декабря 2018 г. выполнено работ (оказано услуг) на общую сумму 223 047,53 руб. (Двести двадцать три тысячи сорок семь рублей 53 копейки)
A95: Работы (услуги) выполнены (оказаны) полностью, в установленные сроки, с надлежащим качеством.
A96: Претензий по выполнению условий Договора Стороны друг к другу не имеют.
A97: Настоящий Акт составлен в 2-х экземплярах, имеющих одинаковую юридическую силу, по одному для каждой из Сторон.
A101: Подписи Сторон:
A103: Исполнитель - Директор ООО "ТРЭК" Плотников А.А. | C103: __________________________
A104: (должность, ФИО) | C104: (подпись)
A106: Заказчик - ____________________________________________________ | C106: __________________________
A107: (ФИО) | C107: (подпись)

Sheet 2019
A1: Отчет по бюджету № 55/1-2019
A3: Период: с 01.01.2019 по 31.12.2019 года.
A5: ОБЩИЕ СВЕДЕНИЯ ОБ ОБЪЕКТЕ
A6: Этажность | B6: 4/3 | C6: Общая жилая площадь, м2 | D6: 1245.3 | E6: Площадь кровли, м2 | F6: 748.9
A7: Количество подъездов | B7: 2 | C7: Площадь нежилых помещений, м2 | D7: 167.6 | E7: Площадь чердаков, м2 | F7: 483.2
A8: Количество квартир | B8: 18 | C8: Площадь л/ клеток, тамбуров, лифтов, м/камер, м2 | D8: 124.1 | E8: Площадь подвалов, м2 | F8: 380.6
A11: Наименование | F11: Значение
A12: Переходящие остатки денежных средств за выполненные работы (на начало периода; + резерв, - долг) | F12: -7567.818
A13: Задолженность по оплате за содержание и текущий ремонт общего имущества МКД (на начало периода) | F13: 45545.86
A14: Начислено за работы (услуги) по содержанию и текущему ремонту и аренду общего имущества МКД, в том числе: | F14: =SUM(F15:F17) -> 233923.86
A15: - за жилые помещения | F15: =600+210112 -> 210712
A16: - за нежилые помещения | F16: 23211.86
A17: - за рекламу и аренду общего имущества МКД
A18: Получено денежных средств, в т. ч: | F18: =SUM(F19:F22) -> 466730.34
A19: - за жилые помещения | F19: =600+201219.51 -> 201819.51
A20: - за нежилые помещения | F20: 9318.4
A21: - за рекламу и аренду общего имущества МКД
A22: - субсидия | F22: 255592.43
A23: Всего денежных средств с учетом остатков | F23: =F12+F18 -> 459162.52
A24: Выполненные работы (оказанные услуги) по содержанию общего имущества и текущему ремонту в отчетном периоде | F24: =Акт19!E67 -> 148132.52
A25: Благоустройство дворовой территории | F25: 255592.43
A26: Налог на прибыль (1%) | F26: 2555.92
A27: Переходящие остатки денежных средств за выполненные работы (на конец периода; + резерв, - долг) | F27: =F23-F24-F25-F26 -> 52881.649
A28: Задолженность по оплате за содержание и текущий ремонт общего имущества МКД (на конец периода) | F28: =F13+F14-F18+F22 -> 68331.81
A30: Директор ООО "ТРЭК" Плотников А.А. __________________
A31: Отчет составил: экономист Осипова М.С. _______________
A32: Отчет получил: ________________________________________________________
A33: Дата __________________

Sheet Акт19
A2: .
B3: АКТ № 55/1
B4: приемки оказанных услуг и (или) выполненных работ по содержанию
B5: и текущему ремонту общего имущества в многоквартирном доме
A6: г. Ангарск | E6: 31 марта 2020 г.
A8: Собственники помещений в многоквартином доме, расположенном по адресу: ________________________ , именуемые в дальнейшем "Заказчик", в лице ___________________________________________________________________________________,
A9: являющегося собственником квартиры № _____, находящейся в данном многоквартирном доме, действующего на основании протокола общего собрания собственников, с одной стороны, и управляющая компания ООО "ТРЭК", именуемая в дальнейшем
A10: "Исполнитель", в лице директора Плотникова А.А., действующего на основании Устава, с другой стороны, совместно именуемые "Стороны", составили настоящий акт о нижеследующем:
A11: 1. Исполнителем предъявлены к приемке следующие оказанные на основании договора управления многоквартирным домом или договора оказания услуг по содержанию и (или) выполнению работ по ремонту общего имущества в многоквартирном
A12: доме, либо договора подряда по выполнению работ по ремонту общего имущества в многоквартирном доме (указать нужное) № _______ от "____" ___________________ ______ г. (далее - "Договор") услуги и (или) выполненные работы по содержанию
A13: и текущему ремонту общего имущества в многоквартирном доме № _____, расположенном по адресу: ______________________:
A14: Наименование вида работы (услуги) | B14: Периодичность / количественный показатель выполненной работы (оказанной услуги) | C14: Единица измерения работы (услуги) | D14: Стоимость / сметная стоимость выполненной работы (оказанной услуги) за единицу | E14: Цена выполненной работы (оказанной услуги), в рублях
A15: Аварийное обслуживание
A16: Аварийное обслуживание | B16: Ежедневно | C16: руб. | D16: 0.13 | E16: 2203.34
A17: Благоустройство и обеспечение санитарного состояния МКД и придомовой територии
A18: Обрезка деревьев высотой: до 5 м | B18: 2 | C18: 1 дерево | D18: =E18/B18 -> 381.43 | E18: 762.86
A19: Разделка древесины мягких пород, полученной от валки леса, диам. стволов: до 16 см | B19: 0.05 | C19: 100 шт. | D19: =E19/B19 -> 2821.6 | E19: 141.08
A20: Уборка придомовой территории и лестничных клеток | B20: По тарифу | C20: м2 | D20: =E20 -> 80597.05 | E20: 80597.05
A21: Уборка чердаков и подвалов | B21: По тарифу | C21: м2 | D21: =E21 -> 847.56 | E21: 847.56
A22: Услуги спец.техники по благоустройству (очистка наледи, снега) | B22: По факту | C22: руб. | D22: =E22 -> 882.81 | E22: 882.81
A23: Обслуживание и текущий ремонт инженерного оборудования
A24: Регулировка температуры отопления в ИТП вентилями | B24: 1 | C24: шт | D24: =E24/B24 -> 303.61 | E24: 303.61
A25: Запуск потока воды: отопление, ГВС | B25: 1 | C25: 1 узел | D25: =E25/B25 -> 91.38 | E25: 91.38
A26: Запуск системы отопления. | B26: 1 | C26: 1 здание | D26: =E26/B26 -> 907.5 | E26: 907.5
A27: Осмотр и устранение мелких неисправностей на РХВ | B27: 1 | C27: шт | D27: =E27/B27 -> 150.94 | E27: 150.94
A28: Осмотр системы центрального отопления, устройств в чердачных и подвальных помещениях. | B28: 0.1 | C28: 1000 м2 | D28: =E28/B28 -> 1791.3 | E28: 179.13
A29: Осмотр СТО | B29: 0.01 | C29: 100 квартир | D29: =E29/B29 -> 27453 | E29: 274.53
A30: Осмотр СТО в чердачных и подвальных помещениях (весенний и осенний) | B30: 1.96 | C30: 1000 м2 | D30: =E30/B30 -> 1804.4643 | E30: 3536.75
A31: Отключение системы отопления (консервация) - прим. | B31: 1 | C31: 1 здание | D31: =E31/B31 -> 549.39 | E31: 549.39
A32: Перевод отопления с подачи на обратку или с обратки на подачу | B32: 5 | C32: узел | D32: =E32/B32 -> 225.644 | E32: 1128.22
A33: Перекрытие потока воды: отопление, ГВС | B33: 1 | C33: 1 узел | D33: =E33/B33 -> 73.4 | E33: 73.4
A34: Подготовка элеваторного узла | B34: 1 | C34: шт | D34: =E34/B34 -> 4440.06 | E34: 4440.06
A35: Промывка трубопровода системы отопления | B35: 1 | C35: 1 здание | D35: =E35/B35 -> 6080.7 | E35: 6080.7
... A39: Снятие и запись замера в наряде (ИТП,РХВ) | B39: 29 | C39: 1 ИТП | D39: =E39/B39 -> 271.28172 | E39: 7867.17
A40: Обслуживание и текущий ремонт конструктивных элементов
A41: Огрунтовка ранее окрашенных фасадов бетонконтактом | B41: 0.001 | C41: 100 м2 | D41: =E41/B41 -> 38600 | E41: 38.6
A42: Отбивка штукатурки с поверхностейстолбов, колонн | B42: 0.001 | C42: 100 м2 | D42: =E42/B42 -> 631550 | E42: 631.55
A43: Постановка заклепок в местах соединения труб | B43: 0.24 | C43: 100 шт. | D43: =E43/B43 -> 4281.4583 | E43: 1027.55
A44: Ремонт дверных полотен (выдергивание гвоздей, подгонка, установка, укрепление притворной планки) | B44: 1 | C44: шт | D44: =E44/B44 -> 296.66 | E44: 296.66
A45: Смена частей водосточных труб: отливов (отметов) | B45: 0.03 | C45: 100 шт. | D45: =E45/B45 -> 45433.333 | E45: 1363
A46: Смена частей водосточных труб: прямых звеньев с земли, лестниц или подмостей | B46: 0.011 | C46: 100 м | D46: =E46/B46 -> 17034.545 | E46: 187.38
A47: Смена: колен водосточных труб | B47: 0.02 | C47: 100 шт. | D47: =E47/B47 -> 29571 | E47: 591.42
A48: Закрытие слуховых окон и люков выхода на кровлю | B48: 0.2 | C48: 10 шт. | D48: =E48/B48 -> 2107.35 | E48: 421.47
A49: Осмотр кровли, чердака, подъездов, подвального помещения -подготовка к зиме | B49: 0.988 | C49: 1000 м2 | D49: =E49/B49 -> 1872.2166 | E49: 1849.75
A50: Очистка кровли от снега толщ. 10см, сбивание сосулей вышка | B50: 24 | C50: 1 м 1 основания | D50: =E50/B50 -> 73.86125 | E50: 1772.67
A51: Очистка желобов от мусора: вручную (при расчете 1 кг. мусора = 3 м 1 желоба) | B51: 12 | C51: м | D51: =E51/B51 -> 52.4925 | E51: 629.91
A52: Плановые проверки вентиляционных каналов и оголовков | B52: По графику | C52: 1000 м2 | D52: =E52 -> 1647.05 | E52: 1647.05
A53: Проверка исправности канализационных вытяжек | B53: 6 | C53: 1 кв | D53: =E53/B53 -> 228.33333 | E53: 1370
A54: Смена дверных приборов: навесного замка | B54: 0.01 | C54: 100 приборов | D54: =E54/B54 -> 29554 | E54: 295.54
A55: Смена дверных приборов: петли | B55: 0.02 | C55: 100 приборов | D55: =E55/B55 -> 36405 | E55: 728.1
A56: Смена дверных приборов: пружин | B56: 0.01 | C56: 100 приборов | D56: =E56/B56 -> 26411 | E56: 264.11
A57: Смена ухватов для водосточных труб: в каменных стенах | B57: 0.01 | C57: 100 шт. | D57: =E57/B57 -> 17505 | E57: 175.05
A58: Укрепление дверных приборов: петли (шарниры), шпингалеты, ручки накладные | B58: 0.02 | C58: 100 шт. | D58: =E58/B58 -> 47028.5 | E58: 940.57
A59: Обслуживание и текущий ремонт электрооборудования жилых домов
A60: Обслуживание и текущий ремонт электрооборудования жилых домов | B60: По договору | C60: руб. | D60: =E60 -> 3905.36 | E60: 3905.36
A61: Расходы на истребование задолженности по оплате жилых помещений
A62: Истребование дебиторской задолженности | B62: По факту | C62: руб. | D62: =E62 -> 639.53 | E62: 639.53
A63: Текущий ремонт
A64: Снятие лепных изделий диаметром до 1000м | B64: 1 | C64: чел | D64: =E64/B64 -> 1751.17 | E64: 1751.17
A65: Услуги по управлению МКД
A66: Услуги по управлению МКД | B66: Ежедневно | C66: руб. | D66: =E66 -> 13466.593 | E66: =SUM(E16:E64)*10% -> 13466.593
A67: Итого: | E67: =SUM(E15:E66) -> 148132.52
A69: 2. Всего за период с "01"января 2019 г. по "31"декября 2019 г. выполнено работ на общую сумму 148132.52 руб. (Сто сорок восемь тысяч сто тридцать два рубля 52 копейки)
A70: 3. Работы (услуги) выполнены (оказаны) полностью, в установленные сроки, с надлежащим качеством.
A71: 4. Претензий по выполнению условий Договора Стороны друг к другу не имеют.
A72: Настоящий акт составлен в 2-х экземплярах, имеющих одинаковую юридическую силу, по одному для каждой из Сторон.
A74: Исполнитель - Директор ООО "ТРЭК", Плотников А.А.
A75: _______________________________________ ____________________________________
D76: (подпись)
A78: Заказчик - ________________________________________ __________________________________
D79: (подпись)

Sheet 2020
A1: Отчет по бюджету № 55/1-2020
A3: Период: с 01.01.2020 по 31.12.2020 года.
A5: ОБЩИЕ СВЕДЕНИЯ ОБ ОБЪЕКТЕ
A6: Этажность | B6: 4/3 | C6: Общая жилая площадь, м2 | D6: 1245.3 | E6: Площадь кровли, м2 | F6: 748.9
A7: Количество подъездов | B7: 2 | C7: Площадь нежилых помещений, м2 | D7: 167.6 | E7: Площадь чердаков, м2 | F7: 483.2
A8: Количество квартир | B8: 18 | C8: Площадь л/ клеток, тамбуров, лифтов, м/камер, м2 | D8: 124.1 | E8: Площадь подвалов, м2 | F8: 380.6
A11: Наименование | F11: Значение
A12: Переходящие остатки денежных средств за выполненные работы (на начало периода; + резерв, - долг) | F12: 52881.649
A13: Задолженность по оплате за содержание и текущий ремонт общего имущества МКД (на начало периода) | F13: 68331.81
A14: Начислено за работы (услуги) по содержанию и текущему ремонту и аренду общего имущества МКД, в том числе: | F14: =SUM(F15:F17) -> 234339.92
A15: - за жилые помещения | F15: 218299.2
A16: - за нежилые помещения | F16: 16040.72
A17: - за рекламу и аренду общего имущества МКД
A18: Получено денежных средств, в т. ч: | F18: =SUM(F19:F22) -> 285042.35
A19: - за жилые помещения | F19: 217792.14
A20: - за нежилые помещения | F20: 67250.21
A21: - за рекламу и аренду общего имущества МКД
A22: - субсидия
A23: Всего денежных средств с учетом остатков | F23: =F12+F18 -> 337924
A24: Выполненные работы (оказанные услуги) по содержанию общего имущества и текущему ремонту в отчетном периоде | F24: =Акт20!E67 -> 229757.14
A25: Переходящие остатки денежных средств за выполненные работы (на конец периода; + резерв, - долг) | F25: =F23-F24 -> 108166.86
A26: Задолженность по оплате за содержание и текущий ремонт общего имущества МКД (на конец периода) | F26: =F13+F14-F18+F22 -> 17629.38 | H26: =12066.73+5562.65 -> 17629.38
A28: Директор ООО "ТРЭК" Плотников А.А. __________________
A29: Отчет составил: экономист Осипова М.С. _______________
A30: Отчет получил: ________________________________________________________
A31: Дата __________________

Sheet Акт20
A2: .
B3: АКТ № 55/1
A4: приемки оказанных услуг и (или) выполненных работ по содержанию
A5: и текущему ремонту общего имущества в многоквартирном доме
A6: г. Ангарск | E6: 31 марта 2021 г.
A8: Собственники помещений в многоквартином доме, расположенном по адресу: ________________________ , именуемые в дальнейшем "Заказчик", в лице ___________________________________________________________________________________,
A9: являющегося собственником квартиры № _____, находящейся в данном многоквартирном доме, действующего на основании протокола общего собрания собственников, с одной стороны, и управляющая компания ООО "ТРЭК", именуемая в дальнейшем
A10: "Исполнитель", в лице директора Плотникова А.А., действующего на основании Устава, с другой стороны, совместно именуемые "Стороны", составили настоящий акт о нижеследующем:
A11: 1. Исполнителем предъявлены к приемке следующие оказанные на основании договора управления многоквартирным домом или договора оказания услуг по содержанию и (или) выполнению работ по ремонту общего имущества в многоквартирном
A12: доме, либо договора подряда по выполнению работ по ремонту общего имущества в многоквартирном доме (указать нужное) № _______ от "____" ___________________ ______ г. (далее - "Договор") услуги и (или) выполненные работы по содержанию
A13: и текущему ремонту общего имущества в многоквартирном доме № _____, расположенном по адресу: ______________________:
A15: Наименование вида работы (услуги) | B15: Периодичность / количественный показатель выполненной работы (оказанной услуги) | C15: Единица измерения работы (услуги) | D15: Стоимость / сметная стоимость выполненной работы (оказанной услуги) за единицу | E15: Цена выполненной работы (оказанной услуги), в рублях
A16: Аварийное обслуживание
A17: Аварийное обслуживание | B17: Ежедневно | C17: руб. | D17: 0.13 | E17: 2204.28
A18: Благоустройство и обеспечение санитарного состояния МКД и придомовой територии
A19: Дезинфекция мест общего пользования МКД | B19: По факту | C19: руб. | D19: =E19 -> 4467.6 | E19: 4467.6
A20: Окраска известковыми составами: по кирпичу и бетону (бордюр. столбики, столбы) | B20: По факту | C20: руб. | D20: =E20 -> 2422.88 | E20: 2422.88
A21: Устройство песочницы с окраской | B21: 0.25 | C21: шт | D21: =E21/B21 -> 4652.88 | E21: 1163.22
A22: Уборка придомовой территории и лестничных клеток | B22: По тарифу | C22: руб. | D22: =E22 -> 83253.96 | E22: 83253.96
A23: Уборка чердаков и подвалов | B23: По тарифу | C23: руб. | D23: =E23 -> 3869.89 | E23: 3869.89
A24: Обслуживание и текущий ремонт инженерного оборудования
A25: Демонтаж-монтаж клапанов обратных муфтовых д: 40 мм (с ремонтом) | B25: 0.01 | C25: 100 шт. | D25: =E25/B25 -> 175726 | E25: 1757.26
A26: Замена сборки Д-15 без спускника | B26: 1 | C26: шт | D26: =E26/B26 -> 2055.79 | E26: 2055.79
A27: Изоляция трубопровода матами с совмещенным покрывным слоем | B27: 0.01 | C27: 1 м3 | D27: =E27/B27 -> 22397 | E27: 223.97
A28: Консервация системы отопления | B28: 1 | C28: 100 м | D28: =E28/B28 -> 724.61 | E28: 724.61
A29: Осмотр кровли,чердака,подъездов,подвала,фасада-после землетр-ия, в т.ч. рем-т выявленных повреждений | B29: По факту | C29: 1000 м2 | D29: =E29 -> 1965.42 | E29: 1965.42
A30: Проверка работ-ти запорной арматуры, устранение мелких неисправностей, проверка работы ПУ РХВ | B30: 0.02 | C30: 100 шт. | D30: =E30/B30 -> 30442.5 | E30: 608.85
A31: Регулировка температуры отопления в ИТП вентилями | B31: 1 | C31: шт | D31: =E31/B31 -> 380.89 | E31: 380.89
A32: Смена отдельных участков трубопроводов диаметром: 15 мм | B32: 1 | C32: 1 участок | D32: =E32/B32 -> 1194.4 | E32: 1194.4
A33: Запуск потока воды: отопление, ГВС, ХВС | B33: 4 | C33: 1 узел | D33: =E33/B33 -> 101.0225 | E33: 404.09
A34: Запуск системы отопления. | B34: 1 | C34: 1 здание | D34: =E34/B34 -> 1012.36 | E34: 1012.36
A35: Ликвидация воздушных пробок в системе отопления, в стояке | B35: 1 | C35: 1 стояк | D35: =E35/B35 -> 664.4 | E35: 664.4
A36: Осмотр подвальных помещений | B36: 0.17 | C36: 1000 м2 | D36: =E36/B36 -> 1813.7059 | E36: 308.33
A37: Осмотр подвальных помещений и выпуска при подпоре | B37: 1 | C37: 1 осмотр | D37: =E37/B37 -> 1107.17 | E37: 1107.17
A38: Осмотр системы центрального отопления, устройств в чердачных и подвальных помещениях. | B38: 0.38 | C38: 1000 м2 | D38: =E38/B38 -> 2009.2105 | E38: 763.5
A39: Осмотр СТО | B39: 0.06 | C39: 100 квартир | D39: =E39/B39 -> 29714.167 | E39: 1782.85
A40: Осмотр СТО в чердачных и подвальных помещениях (весенний и осенний) | B40: 1.967 | C40: 1000 м2 | D40: =E40/B40 -> 1919.4713 | E40: 3775.6
A41: Перевод отопления с подачи на обратку или с обратки на подачу | B41: 4 | C41: узел | D41: =E41/B41 -> 252.1725 | E41: 1008.69
... A43: Подготовка элеваторного узла | B43: 1 | C43: шт | D43: =E43/B43 -> 4397.99 | E43: 4397.99
A44: Промывка трубопровода системы отопления | B44: 1 | C44: 1 здание | D44: =E44 -> 8045.48 | E44: 8045.48
A45: Сдача ИТП представителю энергоснабжающей организации | B45: 1 | C45: 1 ИТП | D45: =E45/B45 -> 868.12 | E45: 868.12
A46: Сдача РХВ представителю водоканала, составление акта | B46: 0.01 | C46: 1 ИТП | D46: =E46/B46 -> 30424 | E46: 304.24
A47: Снятие и запись замера в наряде (ИТП,РХВ) | B47: 34 | C47: 1 ИТП | D47: =E47/B47 -> 298.91 | E47: 10162.94
A48: Обслуживание и текущий ремонт конструктивных элементов
A49: Изготовление щита из доски б/у | B49: 0.009 | C49: 100 м2 | D49: =E49/B49 -> 21674.444 | E49: 195.07
A50: Осмотр кровли,чердака,подъездов,подвала,фасада-после землетр-ия, в т.ч. рем-т выявленных повреждений | B50: По факту | C50: 1000 м2 | D50: =E50 -> 6629.19 | E50: 6629.19
A51: Ремонт щитов на приямках (прим) | B51: 0.09 | C51: 10 м2 | D51: =E51/B51 -> 2331.5556 | E51: 209.84
A52: Осмотр кровли, чердака, подъездов, подвального помещения - весенний осмотр | B52: 0.988 | C52: 1000 м2 | D52: =E52/B52 -> 2022.004 | E52: 1997.74
A53: Осмотр кровли, чердака, подъездов, подвального помещения -подготовка к зиме | B53: 0.988 | C53: 1000 м2 | D53: =E53/B53 -> 2008.168 | E53: 1984.07
A54: Плановые проверки вентиляционных каналов и оголовков | B54: По плану | C54: 1000 м2 | D54: =E54 -> 2652 | E54: 2652
A55: Смена дверных приборов: пружин | B55: 0.02 | C55: 100 приборов | D55: =E55/B55 -> 41658.5 | E55: 833.17
A56: Укрепление дверных приборов: петли (шарниры), шпингалеты, ручки накладные | B56: 0.03 | C56: 100 шт. | D56: =E56/B56 -> 52627 | E56: 1578.81
A57: Укрепление козырька над входной дверью в подъезд | B57: 0.025 | C57: т | D57: =E57/B57 -> 74309.2 | E57: 1857.73
A58: Обслуживание и текущий ремонт электрооборудования жилых домов
A59: Обслуживание и текущий ремонт электрооборудования жилых домов | B59: По договору | C59: руб. | D59: =E59 -> 4162.32 | E59: 4162.32
A60: Расходы на истребование задолженности по оплате жилых помещений. Содержание информационных систем
A61: Истребование дебиторской задолженности | B61: По факту | C61: руб. | D61: =E61 -> 689.34 | E61: 689.34
A62: Содержание информационных систем, обеспечивающих сбор, обработку и хранение данных | B62: По факту | C62: руб. | D62: =E62 -> 339.12 | E62: 339.12
A63: Текущий ремонт
A64: Установка РТВЖ Корал | B64: По плану | C64: шт | D64: =E64 -> 44437.16 | E64: 44437.16
A65: Услуги по управлению МКД
A66: Услуги по управлению МКД | B66: Ежедневно | C66: руб. | D66: =E66 -> 20887.013 | E66: =SUM(E16:E64)*10% -> 20887.013
A67: Итого: | E67: =SUM(E16:E66) -> 229757.14
A70: 2. Всего за период с "01"января 2020 г. по "31"декабря 2020 г. выполнено работ на общую сумму 229757.14 руб. (Двести двадцать девять тысяч семьсот пятьдесят семь рублей четырнадцать копеек)
A71: 3. Работы (услуги) выполнены (оказаны) полностью, в установленные сроки, с надлежащим качеством.
A72: 4. Претензий по выполнению условий Договора Стороны друг к другу не имеют.
A73: Настоящий акт составлен в 2-х экземплярах, имеющих одинаковую юридическую силу, по одному для каждой из Сторон.
A76: Исполнитель - Директор ООО "ТРЭК", Плотников А.А.
A77: __________________________________________ ____________________________________
D78: (подпись)
A80: Заказчик - ________________________________________ __________________________________
D81: (подпись)

Sheet 2021
A1: Отчет по бюджету № 55/1-2021
A3: Период: с 01.01.2021 по 31.12.2021 года.
A5: ОБЩИЕ СВЕДЕНИЯ ОБ ОБЪЕКТЕ
A6: Этажность | B6: 4/3 | C6: Общая жилая площадь, м2 | D6: 1245.3 | E6: Площадь кровли, м2 | F6: 748.9
A7: Количество подъездов | B7: 2 | C7: Площадь нежилых помещений, м2 | D7: 167.6 | E7: Площадь чердаков, м2 | F7: 483.2
A8: Количество квартир | B8: 18 | C8: Площадь л/ клеток, тамбуров, лифтов, м/камер, м2 | D8: 124.1 | E8: Площадь подвалов, м2 | F8: 380.6
A11: Наименование | F11: Значение
A12: Переходящие остатки денежных средств за выполненные работы (на начало периода; + резерв, - долг) | F12: 108166.86
A13: Задолженность по оплате за содержание и текущий ремонт общего имущества МКД (на начало периода) | F13: 17629.38
A14: Начислено за работы (услуги) по содержанию и текущему ремонту и аренду общего имущества МКД, в том числе: | F14: =SUM(F15:F17) -> 238556.8
A15: - за жилые помещения | F15: 209230
A16: - за нежилые помещения | F16: 28156.8
A17: - за рекламу и аренду общего имущества МКД | F17: 1170
A18: Получено денежных средств, в т. ч: | F18: =SUM(F19:F21) -> 227819.85
A19: - за жилые помещения | F19: 209752.85
A20: - за нежилые помещения | F20: 17077
A21: - за рекламу и аренду общего имущества МКД | F21: 990
A22: Всего денежных средств с учетом остатков | F22: =F12+F18 -> 335986.71
A23: Выполненные работы (оказанные услуги) по содержанию общего имущества и текущему ремонту в отчетном периоде | F23: =акт21!E75 -> 166676.47
A24: Переходящие остатки денежных средств за выполненные работы (на конец периода; + резерв, - долг) | F24: =F22-F23 -> 169310.24
A25: Задолженность по оплате за содержание и текущий ремонт общего имущества МКД (на конец периода) | F25: =F13+F14-F18 -> 28366.33
A27: Директор ООО "ТРЭК" Плотников А.А. __________________
A28: Отчет составил: экономист _______________
A29: Отчет получил: ________________________________________________________
A30: Дата __________________

Sheet акт21
A2: .
A3: АКТ № 55/1
A4: приемки оказанных услуг и (или) выполненных работ по содержанию
A5: и текущему ремонту общего имущества в многоквартирном доме
A6: г. Ангарск | E6: 31 марта 2022 г.
A8: Собственники помещений в многоквартином доме, расположенном по адресу: ________________________ , именуемые в дальнейшем "Заказчик", в лице ___________________________________________________________________________________,
A9: являющегося собственником квартиры № _____, находящейся в данном многоквартирном доме, действующего на основании протокола общего собрания собственников, с одной стороны, и управляющая компания ООО "ТРЭК", именуемая в дальнейшем
A10: "Исполнитель", в лице директора Плотникова А.А., действующего на основании Устава, с другой стороны, совместно именуемые "Стороны", составили настоящий акт о нижеследующем:
A11: 1. Исполнителем предъявлены к приемке следующие оказанные на основании договора управления многоквартирным домом или договора оказания услуг по содержанию и (или) выполнению работ по ремонту общего имущества в многоквартирном
A12: доме, либо договора подряда по выполнению работ по ремонту общего имущества в многоквартирном доме (указать нужное) № _______ от "____" ___________________ ______ г. (далее - "Договор") услуги и (или) выполненные работы по содержанию
A13: и текущему ремонту общего имущества в многоквартирном доме № _____, расположенном по адресу: ______________________:
A15: Наименование вида работы (услуги) | B15: Периодичность / количественный показатель выполненной работы (оказанной услуги) | C15: Единица измерения работы (услуги) | D15: Стоимость / сметная стоимость выполненной работы (оказанной услуги) за единицу | E15: Цена выполненной работы (оказанной услуги), в рублях
A16: Аварийное обслуживание
A17: Аварийное обслуживание | B17: Ежедневно | C17: руб. | D17: 0.14 | E17: 2092.1
A18: Благоустройство и обеспечение санитарного состояния МКД и придомовой територии
A19: Обрезка поросли кустарников | B19: 0.4 | C19: 10 шт. | D19: =E19/B19 -> 2686.5 | E19: 1074.6
A20: Уборка придомовой территории и лестничных клеток | B20: По тарифу | C20: м2 | D20: =E20 -> 83248.08 | E20: 83248.08
A21: Окраска известковыми составами: по кирпичу и бетону (бордюр. столбики, столбы) | B21: По факту | C21: руб. | D21: =E21 -> 2422.88 | E21: 2422.88
A22: Услуги по вывозу и утилизации листвы, веток, деревьев, скошенной травы , смета и др. | B22: По факту | C22: руб. | D22: =E22 -> 1353.81 | E22: =1353.81 -> 1353.81
A23: Услуги спец.техники по благоустройству (очистка наледи, снега) | B23: По факту | C23: руб. | D23: =E23 -> 1541.56 | E23: =1541.56 -> 1541.56
A24: Обслуживание и текущий ремонт инженерного оборудования
A25: Заделка свища сваркой при длине стыка до 6 мм | B25: 1 | C25: шт | D25: =E25/B25 -> 709.88 | E25: 709.88
A26: Регулировка РТВЖ | B26: 2 | C26: шт | D26: =E26/B26 -> 502.82 | E26: 1005.64
A27: Ремонт фильтра | B27: 1 | C27: шт | D27: =E27/B27 -> 472.78 | E27: 472.78
A28: Ремонт, настройка регулятора температуры ГВС | B28: 2 | C28: шт | D28: =E28/B28 -> 1194.855 | E28: 2389.71
A29: Установка манометров | B29: 1 | C29: шт | D29: =E29/B29 -> 747.52 | E29: 747.52
A30: Временная заделка свищей и трещин на внутренних трубопроводах и стояках. | B30: 1 | C30: 1 место | D30: =E30/B30 -> 257.94 | E30: 257.94
A31: Запуск потока воды: отопление, ГВС, ХВС | B31: 3 | C31: 1 узел | D31: =E31/B31 -> 98.493333 | E31: 295.48
A32: Запуск системы отопления. | B32: 1 | C32: 1 здание | D32: =E32/B32 -> 1005.22 | E32: 1005.22
A33: Ликвидация воздушных пробок в системе отопления, в стояке | B33: 1 | C33: 1 стояк | D33: =E33/B33 -> 736.44 | E33: 736.44
A34: Опрессовка ТУ диаметром: до 50 мм | B34: 1 | C34: 100 м | D34: =E34/B34 -> 828.19 | E34: 828.19
A35: Осмотр и устранение мелких неисправностей на РХВ | B35: 1 | C35: шт | D35: =E35/B35 -> 129.98 | E35: 129.98
A36: Осмотр подъездов, подвального помещения чердачного помещения | B36: 0.1 | C36: 1000 м2 | D36: =E36/B36 -> 4020.4 | E36: 402.04
... A39: Осмотр СТО в чердачных и подвальных помещениях ФКР | B39: 0.987 | C39: 1000 м2 | D39: =E39/B39 -> 1914.9949 | E39: 1890.1
A40: Осмотр СТО в чердачных и подвальных помещениях (весенний и осенний) | B40: =2*0.98 -> 1.96 | C40: 1000 м2 | D40: =E40/B40 -> 1811.7245 | E40: =2*1775.49 -> 3550.98
A41: Осмотр, проверка работы приборов ИТП, РХВ | B41: 0.01 | C41: шт | D41: =E41/B41 -> 30081 | E41: 300.81
A42: Отключение системы отопления | B42: 1 | C42: 1 здание | D42: =E42/B42 -> 611.75 | E42: 611.75
A43: Очистка канализационной сети: внутренней | B43: 0.03 | C43: 100 м | D43: =E43/B43 -> 17738.333 | E43: 532.15
A44: Перевод отопления с подачи на обратку или с обратки на подачу | B44: 3 | C44: узел | D44: =E44/B44 -> 242.84333 | E44: 728.53
A45: Перекрытие потока воды: отопление, ГВС, ХВС | B45: 3 | C45: 1 узел | D45: =E45/B45 -> 78.883333 | E45: 236.65
A46: Подготовка элеваторного узла Д-50 к зиме | B46: 1 | C46: шт | D46: =E46/B46 -> 4474.11 | E46: 4474.11
A47: Промывка трубопровода системы отопления | B47: 1 | C47: 1 здание | D47: =E47/B47 -> 7332.6 | E47: 7332.6
A48: Сдача ИТП представителю энергоснабжающей организации | B48: 1 | C48: 1 ИТП | D48: =E48/B48 -> 866.99 | E48: 866.99
A49: Сдача РХВ представителю водоканала, составление акта | B49: 1 | C49: 1 ИТП | D49: =E49/B49 -> 520.64 | E49: 520.64
A50: Снятие замеров температуры ГВС | B50: 3 | C50: 1 замер | D50: =E50/B50 -> 301.69 | E50: 905.07
A51: Снятие и запись замера в наряде (ИТП,РХВ) | B51: 34 | C51: 1 ИТП | D51: =E51/B51 -> 296.48824 | E51: 10080.6
A52: Обслуживание и текущий ремонт конструктивных элементов
A53: Окраска масляными составами по дереву: доски объявления | B53: 0.01 | C53: 100 м2 | D53: =E53/B53 -> 35381 | E53: 353.81
A54: Осмотр кровли,чердака,подъездов,подвала,фасада-после землетр-ия, в т.ч. рем-т выявленных повреждений | B54: 0.749 | C54: 1000 м2 | D54: =E54/B54 -> 2104.8331 | E54: 1576.52
A55: Прочистка канализационной сети. | B55: 0.06 | C55: 100 м | D55: =E55/B55 -> 16533.667 | E55: 992.02
A56: Укрепление деревянных поручней на лестничных ограждениях | B56: 2 | C56: 1 м 2 основания | D56: =E56/B56 -> 65.755 | E56: 131.51
A57: Установка досок объявлений с изготовлением | B57: 0.02 | C57: 100 шт. | D57: =E57/B57 -> 54667.5 | E57: 1093.35
A58: Осмотр квартир | B58: 0.02 | C58: 100 квартир | D58: =E58/B58 -> 33938.5 | E58: 678.77
A59: Осмотр кровли, чердака, подъездов, подвального помещения - весенний осмотр | B59: 0.987 | C59: 1000 м2 | D59: =E59/B59 -> 2011.9048 | E59: 1985.75
A60: Осмотр кровли, чердака, подъездов, подвального помещения - осенний осмотр | B60: 0.987 | C60: 1000 м2 | D60: =E60/B60 -> 2013.6069 | E60: 1987.43
A61: Осмотр оголовков вент. каналов с целью предотвращения закупорки в зимнее время с записью в спец. жур | B61: =2*1.5 -> 3 | C61: 1000 м2 | D61: =E61/B61 -> 610.36667 | E61: =2*915.55 -> 1831.1
A62: Проверка исправности вент. каналов, правильного расположения оголовков относ. крыши и наличия тяги | B62: 1.232 | C62: 1000 м2 | D62: =E62/B62 -> 1205.1542 | E62: 1484.75
A63: Ремонт изоляции | B63: 1.5 | C63: м | D63: =E63/B63 -> 175.95333 | E63: 263.93
A64: Установка дверных приборов: накладка дверная | B64: 0.01 | C64: 100 шт. | D64: =E64/B64 -> 27368 | E64: 273.68
A65: Обслуживание и текущий ремонт электрооборудования жилых домов
A66: Обслуживание и текущий ремонт электрооборудования жилых домов | B66: По договору | C66: руб. | D66: =E66 -> 4387.39 | E66: 4387.39
A67: Расходы на истребование задолженности по оплате жилых помещений. Содержание информационных систем | F67: =SUM(E17:E69) -> 151524.06 | G67: 143514.78
A68: Истребование дебиторской задолженности | B68: По факту | C68: руб. | D68: =E68 -> 200 | E68: 200
A69: Содержание информационных систем, обеспечивающих сбор, обработку и хранение данных | B69: По факту | C69: руб. | D69: =E69 -> 330.62 | E69: 330.62
A70: Услуги по управлению МКД
A71: Услуги по управлению МКД | B71: Ежедневно | C71: руб. | D71: =E71 -> 15152.406 | E71: =SUM(E17:E69)*10% -> 15152.406
A72: Итого: | E72: =F67+E71 -> 166676.47
A75: 2. Всего за период с "01"января 2021 г. по "31"декабря 2021 г. выполнено работ на общую сумму | E75: =E72 -> 166676.47
A76: Сто шестьдесят шесть тысяч шестьсот семьдесят шесть рублей 47 копеек.
A77: 3. Работы (услуги) выполнены (оказаны) полностью, в установленные сроки, с надлежащим качеством.
A78: 4. Претензий по выполнению условий Договора Стороны друг к другу не имеют.
A79: Настоящий акт составлен в 2-х экземплярах, имеющих одинаковую юридическую силу, по одному для каждой из Сторон.
A81: Подписи Сторон:
A82: Исполнитель - Директор ООО "ТРЭК", Плотников А.А.
A83: ____________________________________________________ ____________________________________
D84: (подпись)
A86: Заказчик - ________________________________________ __________________________________
D87: (подпись)
